 Dungeon Crawl Stone Soup version 0.16.2-2-g470672f (webtiles) character file.

154 Tegg the Covert (level 5, 0/26 HPs)
             Began as a Spriggan Assassin on Sept 5, 2015.
             Slain by a kobold (1 damage)
             ... on level 3 of the Dungeon.
             The game lasted 00:13:34 (3975 turns).

Tegg the Covert (Spriggan Assassin)                 Turns: 3975, Time: 00:13:36

Health: 0/26       AC:  3    Str:  7    XL:     5   Next: 13%
Magic:  10/10      EV: 18    Int: 12    God:
Gold:   94         SH:  0    Dex: 19    Spells: 0 memorised, 4 levels left

rFire  . . .     SeeInvis +     r - +0 rapier
rCold  . . .     Clarity  .     s - +0 robe
rNeg   . . .     SustAb   +     (shield restricted)
rPois  .         Gourm    .     (helmet restricted)
rElec  .         Spirit   .     o - +0 cloak
rCorr  .         Warding  .     (gloves unavailable)
rMut   .         Stasis   .     (boots unavailable)
MR     .....                    (no amulet)
Stlth  ++........               w - ring of sustain abilities
                                m - ring of wizardry

@: confused, very quick, not resistant to hostile enchantments, unstealthy
A: unfitting armour, see invisible, herbivore 3, speed 3, slow metabolism 2
a: no special abilities


You were on level 3 of the Dungeon.
You were hungry.

You visited 1 branch of the dungeon, and saw 3 of its levels.

You collected 94 gold pieces.

Inventory:

Hand weapons
 a - a +2 dagger
 q - a +0 blowgun
 r - a +0 rapier (weapon)
Missiles
 e - 20 poisoned needles
 f - 2 curare-tipped needles
Armour
 c - a +0 robe
 o - a +0 cloak (worn)
 s - a +0 robe (worn)
Jewellery
 m - a ring of wizardry (left hand)
 w - a ring of sustain abilities (right hand)
Scrolls
 b - a scroll of random uselessness {unknown}
 d - a scroll of remove curse {unknown}
 h - a scroll of enchant armour {unknown}
 j - 2 scrolls of immolation {unknown}
 k - 2 scrolls of amnesia {unknown}
 p - a scroll of noise {unknown}
 u - 2 scrolls of enchant weapon {unknown}
Potions
 i - a potion of cancellation {unknown}
 l - a potion of heal wounds {unknown}
 n - a potion of curing {unknown}
 t - a potion of ambrosia {unknown}
 v - a potion of brilliance {unknown}
Comestibles
 g - 5 bread rations


   Skills:
 + Level 2.0 Fighting
 * Level 3.0 Short Blades
 - Level 2.1 Throwing
 + Level 2.4 Dodging
 * Level 8.7 Stealth


You had 4 spell levels left.
You didn't know any spells.

Dungeon Overview and Level Annotations

Branches:
Dungeon (3/15)

Altars:

Annotations:
D:3 DizzySkin's ghost, average DECj


Innate Abilities, Weirdness & Mutations

You are tiny and cannot use many weapons and most armour.
You have supernaturally acute eyesight.
You are a herbivore.
You cover ground extremely quickly.
You need consume almost no food.


Message History

A kobold comes into view.
A kobold is nearby!
DizzySkin's ghost (average Deep Elf Conjurer) comes into view.
DizzySkin's ghost turns its malevolent gaze towards you.
DizzySkin's ghost gestures at thin air while chanting.
DizzySkin's ghost conjures a prism of explosive energy!
A scorpion comes into view.
DizzySkin's ghost gestures at you while chanting.
The magic dart hits you!
The fulminant prism crackles loudly.
The fulminant prism explodes!
The kobold shouts!
You hear a shout!
You hear a bark!
You hear a bark!
You barely miss DizzySkin's ghost. DizzySkin's ghost hits you.
You hit DizzySkin's ghost but do no damage.
DizzySkin's ghost points at you and mumbles some strange words.
The spray of energy hits you!
* * * LOW HITPOINT WARNING * * *
You are confused.
The kobold hits you.
You die...

♣ ♣.♣♣ . #.# #.#... ♣..♣
.... . #.# #.###. ♣♣.♣
.....####'# #.# #.....
♣♣.♣ .............#.#
#####. ♣..♣
#.............#.# #.
♣.♣♣ #.............#.#
###. ♣♣.♣
#......s....#.# #...
♣.♣♣ #....WK.....#.#
#.## ♣.♣♣
#....@......#.# #.# ♣..♣
#......##'#.#)# #.# ♣♣.♣
#......# #.# #.# ♣.♣♣
#......# #.# #.# ♣..♣
#......# #.# #.# ♣♣.♣
#......# #.# #.# ♣.♣
#.#......##.# #.# #.#
♣♣)♣ ##........./.# #.#
#.# ♣.♣♣
#..####.######.#.#####.#


You could see a scorpion, DizzySkin's ghost and a kobold.

Vanquished Creatures
  Ijyb (D:2)
  6 adders
  3 giant geckos
  An ooze (D:3)
  2 orcs (D:3)
  A ball python (D:3)
  3 giant cockroaches
  5 hobgoblins
  14 kobolds
  11 bats
  8 goblins
  10 jackals
  2 quokkas
  11 rats
78 creatures vanquished.

Vanquished Creatures (others)
  A fulminant prism (D:3)
  A giant spore (D:3)
2 creatures vanquished.

Grand Total: 80 creatures vanquished

Notes
Turn   | Place    | Note
--------------------------------------------------------------
     0 | D:1      | Tegg, the Spriggan Assassin, began the quest for the Orb.
     0 | D:1      | Reached XP level 1. HP: 10/10 MP: 2/2
    37 | D:1      | Reached skill level 6 in Stealth
   111 | D:1      | Reached XP level 2. HP: 5/14 MP: 4/4
   856 | D:1      | Reached skill level 7 in Stealth
  1096 | D:1      | Reached XP level 3. HP: 18/18 MP: 6/6
  1629 | D:2      | Noticed Ijyb
  1635 | D:2      | Killed Ijyb
  1739 | D:2      | Reached XP level 4. HP: 23/23 MP: 8/8
  2006 | D:2      | Reached skill level 8 in Stealth
  3416 | D:3      | Reached XP level 5. HP: 14/26 MP: 10/10
  3968 | D:3      | Noticed DizzySkin's ghost (average DECj)
  3975 | D:3      | HP: 1/26 [DizzySkin's ghost/spray of energy (12)]
  3975 | D:3      | Slain by a kobold

Action                   |  1- 3 |  4- 6 || total
-------------------------+-------+-------++-------
Melee: Dagger            |   112 |    27 ||   139
       Rapier            |       |    93 ||    93
 Fire: Blowgun           |     6 |       ||     6
 Stab: Sleeping          |    13 |     8 ||    21
       Distracted        |       |     1 ||     1
